Map: Thunderbird LE

Players

DnS - Winner!

  • Race: Protoss Protoss
  • Spawn Location: 5:00

Miharu

  • Race: Zerg Zerg
  • Spawn Location: 11:00

VOD

Have the link to the VOD?

Description

Time

  • Played on: Sept. 6, 2019, 12:22 p.m.
  • Length: 6:59
Show
View Real Time Build Order
Export as new Build Order

DnS Protoss - Winner!

Build Orders: 1 Gate Expand, Oracle Opening 

Get SALT Encoding   

  12  0:00  Probe  
  13  0:13  Probe  
  14  0:19  Pylon  
  14  0:25  Probe  
  15  0:33  Probe  
  15  0:38  Gateway  
  15  0:41  Probe  
  16  0:47  Assimilator  
  17  0:52  Probe  
  18  1:04  Probe  
  19  1:16  Probe  
  20  1:24  Nexus  
  20  1:34  Cybernetics Core  
  20  1:37  Probe  
  21  1:42  Assimilator  
  21  1:49  Probe  
  21  1:52  Pylon  
  22  2:00  Adept  
  22  2:01  Probe  
  23  2:14  Probe  
  26  2:15  Stargate  
  26  2:22  Adept  
  26  2:32  Gateway  
  28  2:40  Probe  
  28  2:45  Probe  
  28  2:48  Adept  
  28  2:50  Oracle  
  31  3:03  Shield Battery  
  34  3:10  Adept  
  34  3:12  Pylon  
  32  3:15  Probe  
  32  3:19  Adept  
  32  3:27  Oracle  
  32  3:32  Probe  
  36  3:42  Adept  
  36  3:43  Warp Gate  
  38  3:55  Pylon  
  38  3:57  Gateway  
  38  4:06  Oracle  
  38  4:07  Pylon  
  38  4:09  Probe x2  
  43  4:21  Probe  
  43  4:22  Probe  
  45  4:28  Pylon  
  45  4:33  Gateway, Probe  
  45  4:36  Adept  
  45  4:37  Void Ray  
  48  4:49  Probe  
  48  4:51  Probe  
  54  5:01  Probe  
  54  5:05  Probe  
  56  5:12  Oracle  
  56  5:13  Probe  
  57  5:14  Gateway x2  
  57  5:20  Probe  
  61  5:30  Adept  
  61  5:32  Adept  
  65  5:42  Probe x2  
  67  5:47  Twilight Council, Assimilator  
  67  5:48  Pylon  
  67  5:49  Pylon  
  67  5:54  Pylon  
  67  5:55  Pylon  
  67  6:05  Probe x2  
  67  6:09  Adept  
  67  6:10  Adept x2  
  75  6:17  Probe x2  
  77  6:22  Robotics Facility  
  77  6:29  Probe  
  78  6:32  Adept  
  78  6:33  Adept  
  78  6:34  Adept  
  84  6:40  Pylon  
  84  6:56  Adept x3  
Show
View Real Time Build Order
Export as new Build Order

Miharu Zerg 

Build Orders: Hatch First 

Get SALT Encoding   

  12  0:01  Drone  
  13  0:08  Drone  
  14  0:34  Hatchery  
  13  0:38  Drone  
  13  0:42  Extractor  
  13  0:43  Drone  
  14  1:00  Spawning Pool  
  13  1:05  Drone  
  14  1:17  Overlord  
  14  1:35  Drone  
  15  1:47  Zergling x2  
  15  1:48  Zergling x6  
  15  1:49  Metabolic Boost  
  19  1:57  Zergling x2  
  19  1:59  Zergling x2  
  22  2:08  Zergling x2  
  22  2:13  Queen  
  22  2:15  Zergling x2  
  25  2:19  Zergling x2  
  25  2:22  Zergling x2  
  27  2:29  Overlord  
  27  2:35  Zergling x2  
  26  2:55  Zergling x8  
  28  3:02  Zergling x2  
  27  3:07  Zergling x2  
  27  3:09  Queen  
  29  3:15  Zergling x2  
  29  3:16  Zergling x2  
  31  3:23  Zergling x2  
  31  3:29  Zergling x2  
  29  3:47  Zergling x12  
  31  3:55  Zergling x2  
  31  3:56  Zergling x2  
  31  4:08  Zergling x8  
  33  4:12  Zergling x2  
  32  4:23  Zergling x4  
  34  4:28  Spore Crawler  
  33  4:32  Zergling x6  
  33  4:35  Overlord  
  36  4:43  Drone  
  36  4:52  Overlord  
  35  5:05  Drone  
  35  5:06  Drone x3  
  34  5:10  Spore Crawler, Drone  
  34  5:15  Drone  
  34  5:18  Drone  
  36  5:32  Drone x3  
  36  5:39  Drone x3  
  35  5:44  Queen  
  35  5:47  Drone  
  38  5:57  Queen  
  38  5:59  Drone x2  
  42  6:05  Drone x2  
  44  6:15  Extractor  
  43  6:20  Overlord  
  43  6:21  Overlord  
  43  6:27  Spine Crawler  
  43  6:28  Spine Crawler  
  43  6:29  Overlord  
  43  6:31  Spore Crawler  
Tags
 
Add a new tag
Caveats
  • Supply blocks, unpowered buildings, or Contaminate may cause inaccurate times.
  • Supply counts are checked every 10 seconds.